 Dungeon Crawl Stone Soup version 0.17.0-7-gfadd4cc (webtiles) character file.

1624 dorian the Agent of Entropy (level 8, -1/58 HPs)
             Began as a Demonspawn Abyssal Knight on Nov 8, 2015.
             Was a Priest of Lugonu.
             Slain by a blue devil (8 damage)
             ... summoned by a kobold demonologist
             ... in a bailey.
             The game lasted 00:11:49 (6950 turns).

dorian the Agent of Entropy (DsAK)                  Turns: 6950, Time: 00:11:50

Health: -1/58      AC: 13    Str: 15    XL:     8   Next: 65%
Magic:  6/15       EV:  4    Int: 13    God:    Lugonu [***...]
Gold:   154        SH:  0    Dex: 13    Spells: 0 memorised, 7 levels left

rFire  . . .     SeeInvis .     t - +3 spear
rCold  + . .     Clarity  .     n - +0 plate armour
rNeg   . . .     SustAt   .     (no shield)
rPois  +         Gourm    .     m - +1 hat
rElec  .         Spirit   .     F - +0 cloak
rCorr  .         Warding  .     (no gloves)
rMut   .         Stasis   .     (no boots)
MR     .....                    (no amulet)
Stlth  ..........               G - ring of poison resistance
                                i - ring of protection from cold

@: not resistant to hostile enchantments, extremely unstealthy
A: claws 1, foul stench 1, spiny 1, rot immunity
a: Depart the Abyss, Bend Space, Banish, Renounce Religion


You were in a bailey.
You worshipped Lugonu.
Lugonu was most pleased with you.
You were hungry.

You visited 2 branches of the dungeon, and saw 8 of its levels.
You visited the Abyss 1 time.
You also visited: Bailey.

You collected 340 gold pieces.
You spent 186 gold pieces at shops.

Inventory:

Hand Weapons
 t - a +3 spear (weapon)
 x - a +0 whip of freezing
 H - a +2 hand axe of flaming
 I - a +1 hand axe
Armour
 m - a +1 hat (worn)
 n - a +0 plate armour (worn)
 F - a +0 cloak (worn)
Jewellery
 a - an uncursed ring of protection from cold
 g - an uncursed ring of protection from cold
 i - a ring of protection from cold (left claw)
 B - an uncursed ring of magical power
 G - a ring of poison resistance (right claw)
Wands
 p - a wand of slowing (11)
 w - a wand of frost (18)
 y - a wand of fire (5)
 J - a wand of flame (32)
Scrolls
 b - 3 scrolls of summoning {unknown}
 e - 4 scrolls of remove curse
 f - a scroll of teleportation {unknown}
 h - 2 scrolls of noise {unknown}
 j - 7 scrolls of identify
 k - 2 scrolls of fear {unknown}
 q - a scroll of magic mapping {unknown}
 r - a scroll of amnesia {unknown}
 s - 2 scrolls of enchant weapon {unknown}
Potions
 l - 3 potions of mutation
 o - a potion of flight
 u - 2 potions of curing
 z - a potion of might {unknown}
 A - a potion of haste
 C - a potion of agility {unknown}
 D - a potion of cancellation {unknown}
 E - 2 potions of heal wounds {unknown}
Comestibles
 c - 7 bread rations
 d - a royal jelly
 v - 3 beef jerkies
 K - 2 chunks of flesh


   Skills:
 - Level 3.0 Fighting
 + Level 6.8 Axes
 + Level 3.2 Armour
 - Level 0.8 Dodging
 - Level 10.2 Invocations


You had 7 spell levels left.
You didn't know any spells.

Dungeon Overview and Level Annotations

Branches:
Dungeon (7/15)             Temple (1/1) D:6

Altars:
Ashenzari
Cheibriados
Dithmenos
Elyvilon
Fedhas
Kikubaaqudgha
Makhleb
Nemelex Xobeh
Okawaru
Qazlal
Ru
Sif Muna
Trog
Vehumet
Xom
Yredelemnul
Zin
The Shining One

Shops:
D:5 !


Innate Abilities, Weirdness & Mutations

You have sharp fingernails.
You may emit foul miasma when damaged in melee.
You are partially covered in sharp spines.
You are immune to rotting.


Message History

The blue devil barely misses you.
The kobold demonologist mumbles some strange words.
You closely miss the blue devil.
The blue devil is lightly wounded.
The blue devil hits you.
You emit a cloud of foul miasma!
The hobgoblin hits you but does no damage.
You hit the blue devil but do no damage.
The blue devil is lightly wounded.
The blue devil hits you!
The blue devil hits you but does no damage.
The smoke demon completely misses you.
The smoke demon hits you but does no damage. x2
The blue devil hits you.
The blue devil swoops through the air toward you!
The blue devil hits you!
* * * LOW HITPOINT WARNING * * *
The blue devil swoops through the air toward you!
The blue devil is struck by your spines.
The blue devil hits you!
You die...

#### #≈≈≈≈≈# ....
#≈≈≈≈≈# .8.8. #≈≈≈≈≈#
.....######≈≈≈≈≈#
#......#.≈≈≈≈≈≈#
#......#.≈≈≈≈≈.######
####''#.≈≈≈≈≈......#
#.....#.≈≈≈≈≈..4...###
.
#.....)...og.g@......#
.
#..⌠..)o.4K.§..4.∩..∩#
g
#.....'..4..3........#
.
#.....#.≈≈≈≈≈......###
.#####''#.≈≈≈≈≈......#
.#...4..#.≈≈≈≈≈.######
.#...g..#.≈≈≈≈≈≈#
.....######≈≈≈≈≈#
.8.8.# #≈≈≈≈≈#


You could see an orc high priest, a rust devil, a kobold demonologist, a smoke
demon, 2 blue devils, a red devil, an orc warrior, a hobgoblin and a goblin.

Vanquished Creatures
  Pikel (D:4)
  A black bear (D:7)
  3 centaurs
  A scorpion (D:5)
  A centaur zombie (D:6)
  An iguana (D:4)
  A jelly (D:6)
  A gnoll shaman (D:7)
  3 hounds
  Jessica (D:2)
  2 orc wizards
  3 worker ants
  A hound skeleton (D:7)
  Robin (D:3)
  6 gnolls
  8 adders
  A shadow imp (D:6)
  4 worms
  4 giant geckos
  13 orcs
  3 bats
  18 goblins
  13 hobgoblins
  7 jackals
  A quokka (D:5)
  8 giant cockroaches
  A giant gecko skeleton (D:7)
  7 giant newts
  11 kobolds
  A quokka skeleton (D:5)
  7 rats
134 creatures vanquished.

Vanquished Creatures (others)
  2 orc warriors
  2 orc priests
  An adder (D:4)
  A giant cockroach (D:4)
  A giant gecko skeleton (D:4)
7 creatures vanquished.

Grand Total: 141 creatures vanquished

Notes
Turn   | Place    | Note
--------------------------------------------------------------
     0 | Abyss:1  | dorian the Demonspawn Abyssal Knight began the quest for the Orb.
     0 | Abyss:1  | Reached XP level 1. HP: 18/18 MP: 2/2
    68 | D:1      | Escaped the Abyss
   484 | D:1      | Gained mutation: You are partially covered in sharp spines. [demonic ancestry]
   484 | D:1      | Reached XP level 2. HP: 22/24 MP: 4/4
   584 | D:1      | Reached ** piety under Lugonu
  1069 | D:2      | Noticed Jessica
  1080 | D:2      | Killed Jessica
  1080 | D:2      | Gained mutation: You are immune to rotting. [demonic ancestry]
  1080 | D:2      | Reached XP level 3. HP: 14/29 MP: 5/5
  1129 | D:2      | Reached skill level 4 in Invocations
  1322 | D:2      | Found a sacrificial altar of Ru.
  1490 | D:2      | Reached XP level 4. HP: 33/35 MP: 7/7
  1562 | D:2      | Found a snail-covered altar of Cheibriados.
  1945 | D:3      | Reached *** piety under Lugonu
  2028 | D:3      | Noticed a centaur
  2030 | D:3      | Killed a centaur
  2030 | D:3      | Reached skill level 5 in Invocations
  2030 | D:3      | Gained mutation: You may emit foul miasma when damaged in melee. [demonic ancestry]
  2030 | D:3      | Reached XP level 5. HP: 28/41 MP: 8/8
  2032 | D:3      | Noticed Robin
  2316 | D:3      | Killed Robin
  2485 | D:3      | Reached XP level 6. HP: 44/47 MP: 10/10
  2587 | D:3      | Found a burning altar of Makhleb.
  2587 | D:3      | Noticed a balrug
  2798 | D:4      | Reached skill level 6 in Invocations
  2845 | D:4      | Reached **** piety under Lugonu
  3233 | D:4      | Noticed Pikel
  3249 | D:4      | Killed Pikel
  3249 | D:4      | Reached skill level 5 in Axes
  3249 | D:4      | Reached skill level 8 in Invocations
  3249 | D:4      | Reached XP level 7. HP: 11/52 MP: 10/13
  3657 | D:4      | Found a basalt altar of Yredelemnul.
  3667 | D:4      | Found an iron altar of Okawaru.
  3943 | D:5      | Entered Level 5 of the Dungeon
  3943 | D:5      | Found Ukeun's Distillery.
  3966 | D:5      | Bought a potion of mutation for 30 gold pieces
  3966 | D:5      | Bought a potion of curing for 36 gold pieces
  3966 | D:5      | Bought a potion of haste for 120 gold pieces
  4387 | D:5      | Found a snail-covered altar of Cheibriados.
  4660 | D:5      | Gained mutation: You have sharp fingernails. [demonic ancestry]
  4660 | D:5      | Reached XP level 8. HP: 32/58 MP: 14/14
  5035 | D:6      | Found a staircase to the Ecumenical Temple.
  5044 | Temple   | Entered the Ecumenical Temple
  5369 | D:6      | Found a sparkling altar of Nemelex Xobeh.
  5466 | D:6      | Found a shattered altar of Ashenzari.
  5524 | D:6      | Reached skill level 9 in Invocations
  5965 | D:6      | Found a shattered altar of Ashenzari.
  6237 | D:6      | Found a shimmering altar of Xom.
  6279 | D:7      | Reached skill level 10 in Invocations
  6839 | D:7      | Found a flagged portal.
  6860 | Bailey   | Entered a bailey
  6922 | Bailey   | Found an iron altar of Okawaru.
  6922 | Bailey   | Noticed a kobold demonologist
  6922 | Bailey   | Noticed an orc high priest
  6934 | Bailey   | Noticed a rust devil
  6934 | Bailey   | Noticed a hellwing
  6935 | Bailey   | Noticed a red devil
  6939 | Bailey   | Noticed a blue devil
  6945 | Bailey   | Noticed a blue devil
  6946 | Bailey   | Noticed a smoke demon
  6950 | Bailey   | Slain by a blue devil

Action                   |  1- 3 |  4- 6 |  7- 9 || total
-------------------------+-------+-------+-------++-------
Melee: Hand axe          |    55 |    65 |       ||   120
       Spear             |       |    68 |   161 ||   229
       Whip              |       |       |    10 ||    10
Invok: Banish            |       |       |    10 ||    10
  Use: Scroll            |       |       |     2 ||     2
  Eat: Chunk             |     2 |     5 |    10 ||    17
       Fruit             |       |       |     3 ||     3
       Royal jelly       |       |       |     1 ||     1
